 Dungeon Crawl Stone Soup version 0.30.1-11-g7821555f0a (webtiles) character file.

Game seed: 5002208137451575509

86 safid the Chiller (level 4, 0/34 HPs)
             Began as a Merfolk Ice Elementalist on Oct 27, 2023.
             Slain by Natasha (4 damage)
             ... on level 2 of the Dungeon.
             The game lasted 00:01:37 (1380 turns).

safid the Chiller (Merfolk Ice Elementalist)        Turns: 1380, Time: 00:01:38

Health: 0/34       AC:  3    Str:  8    XL:     4   Next: 50%
Magic:  8/8        EV: 12    Int: 16    God:
Gold:   161        SH:  0    Dex: 14    Spells: 1/8 levels left

rFire   . . .        c - +0 short sword (speed)
rCold   . . .        (no shield)
rNeg    . . .        a - +0 robe
rPois   .            (no helmet)
rElec   .            (no cloak)
rCorr   .            f - +0 pair of gloves
SInv    .            (no boots)
Will    .....        (no amulet)
Stlth   ++           l - +4 ring of slaying
HPRegen 0.25/turn    (no ring)
MPRegen 0.11/turn

%: no passive effects
@: slowed, very slow
A: (nimble swimmer 2), mertail
a: no special abilities


You were on level 2 of the Dungeon.
You visited 1 branch of the dungeon, and saw 2 of its levels.

You collected 161 gold pieces.

Inventory:

Hand Weapons
 c - a +0 short sword of speed (weapon)
Armour
 a - a +0 robe (worn)
 f - a +0 pair of gloves (worn)
Jewellery
 l - a +4 ring of slaying (left hand)
Scrolls
 j - a scroll of amnesia {unknown}
 k - 2 scrolls of teleportation {unknown}
 n - 2 scrolls of identify {unknown}
Potions
 b - a potion of magic
 d - a potion of might {unknown}
 e - a potion of experience {unknown}
 g - 2 potions of invisibility {unknown}
 h - a potion of curing {unknown}
 i - 2 potions of brilliance {unknown}
 m - 2 potions of haste {unknown}


   Skills:
 + Level 2.3 Fighting
 - Level 2.6 Dodging
 - Level 2.1 Stealth
 + Level 2.9 Spellcasting
 + Level 5.1 Ice Magic


You had one spell level left.
You knew the following spells:

 Your Spells              Type           Power      Damage    Failure   Level
a - Freeze                Ice            72%        1d8       2%          1
b - Frozen Ramparts       Ice            36%        1d6       7%          3
c - Ozocubu's Armour      Ice            18%        N/A       7%          3

Your spell library contained the following spells:

 Spells                   Type           Power      Damage    Failure   Level
 Summon Ice Beast         Ice/Summ       10%        N/A       54%         4


Dungeon Overview and Level Annotations

Branches:
Dungeon (2/15)

Altars:

Annotations:
D:2 Natasha


Innate Abilities, Weirdness & Mutations

((You are very nimble when in or above water. (Stealth+, EV+, Speed+++)))
Your lower body shifts to a powerful aquatic tail in water.


Message History

Natasha claws you! The cerulean imp closely misses you.
You are too injured to fight recklessly!
You are too injured to fight recklessly!
You are too injured to fight recklessly!
You are too injured to fight recklessly!
You are too injured to fight recklessly!
You are too injured to fight recklessly!
You are too injured to fight recklessly!
You are too injured to fight recklessly!
You are too injured to fight recklessly!
You are too injured to fight recklessly!
You are too injured to fight recklessly!
You are too injured to fight recklessly!
You are too injured to fight recklessly!
You are too injured to fight recklessly!
You are too injured to fight recklessly!
You are too injured to fight recklessly!
You are too injured to fight recklessly!
You are too injured to fight recklessly!
You are too injured to fight recklessly!
You are too injured to fight recklessly!
You are too injured to fight recklessly!
Unknown command.
You hit Natasha.
Natasha is moderately wounded.
Natasha closely misses you.
Unknown command.
You closely miss Natasha.
Natasha is moderately wounded.
The cerulean imp closely misses you. Natasha claws you.
You hit Natasha.
Natasha is heavily wounded.
The cerulean imp barely misses you. Natasha claws you.
* * * LOW HITPOINT WARNING * * *
You completely miss Natasha.
Natasha is heavily wounded.
The cerulean imp hits you with a +0 spear.
* * * LOW HITPOINT WARNING * * *
Natasha claws you.
You die...

#....# #### #.##.# #...
#[##.# #... #.##.#
####... #.##.######
##.÷...#
####.........###.......
#.............#........
#.)....5...............
#.....@h...............
#..............##...#..
#.............##.#.###.
#.......#....##.#.##.##
#.<.....#.####.#.##.#.#
##.#....#.###.#.##.#.#.
#(####...##.#.##.#.#.#
##.# #.##.#.##.#.###.
#..# ##.#.##.#.##†##


You could see Natasha and a cerulean imp (summoned).

Vanquished Creatures
  Natasha (D:2)
  A worm (D:2)
  7 ball pythons
  3 endoplasms
  3 giant cockroaches
  5 goblins
  6 hobgoblins
  4 jackals (D:2)
  2 quokkas
  4 bats
  6 frilled lizards
  7 kobolds
  7 rats
56 creatures vanquished.

Notes
Turn   | Place    | Note
-------+----------+-------------------------------------------
     0 | D:1      | safid the Merfolk Ice Elementalist began the quest for the
                  | Orb.
     0 | D:1      | Reached XP level 1. HP: 13/13 MP: 3/3
   180 | D:1      | Reached XP level 2. HP: 15/20 MP: 5/5
   211 | D:1      | Reached skill level 1 in Fighting
   622 | D:1      | Reached XP level 3. HP: 25/26 MP: 6/6
  1245 | D:2      | Reached XP level 4. HP: 33/33 MP: 8/8
  1282 | D:2      | Reached skill level 5 in Ice Magic
  1290 | D:2      | Learned a level 3 spell: Frozen Ramparts
  1294 | D:2      | Learned a level 3 spell: Ozocubu's Armour
  1299 | D:2      | Noticed Natasha
  1310 | D:2      | Killed Natasha
  1367 | D:2      | Noticed Natasha
  1380 | D:2      | Slain by Natasha

Illustrated notes

Levels and vault maps discovered:
D:1:      amcnicky_arrival_flooded_fountain, layout_basic
D:2:      minmay_inner_zag, layout_rooms, uniq_natasha

Skill      XL: |  1  2  3  4 |
---------------+-------------+-----
Fighting       | 1 2 |  2.3
Ice Magic      | 5 |  5.1
Dodging        | |  2.6
Stealth        | |  2.1
Spellcasting   | |  2.9

Action                     |  1- 3 |  4- 6 || total
---------------------------+-------+-------++-------
  Melee: Short sword       |   170 |    18 ||   188
         Punch             |     1 |     1 ||     2
   Cast: Freeze            |     9 |       ||     9
   Stab: Sleeping          |     5 |       ||     5
 Armour: Robe              |    42 |     3 ||    45
  Dodge: Dodged            |    75 |    15 ||    90
